 Dungeon Crawl Stone Soup version 0.18-a0-1273-g8ec5f8e (webtiles) character file.

122 namelastname112 the Shooter (level 4, 0/38 HPs)
             Began as a Draconian Hunter on Feb 7, 2016.
             Slain by a human skeleton (5 damage)
             ... on level 3 of the Dungeon.
             The game lasted 00:03:28 (3027 turns).

namelastname112 the Shooter (Draconian Hunter)      Turns: 3027, Time: 00:03:28

Health: 0/38       AC:  5    Str: 15    XL:     4   Next: 78%
Magic:  4/4        EV: 12    Int: 16    God:
Gold:   166        SH:  0    Dex: 12    Spells: 0 memorised, 3 levels left

rFire  + . .     SeeInvis .     a - +1 shortbow
rCold  + . .     Gourm    .     (armour unavailable)
rNeg   . . .     Faith    .     (shield currently unavailable)
rPois  +         Spirit   .     (helmet restricted)
rElec  +         Dismiss  .     (no cloak)
rCorr  +         Reflect  .     (no gloves)
SustAt .         Harm     .     (no boots)
MR     .....                    (no amulet)
Stlth  +.........               p - ring of resist corrosion
                                h - ring of poison resistance

@: brilliant, resistant, not resistant to hostile enchantments, very unstealthy
A: unfitting armour, cold-blooded, AC +5
a: no special abilities


You were on level 3 of the Dungeon.
You were not hungry.

You visited 1 branch of the dungeon, and saw 3 of its levels.

You collected 166 gold pieces.

Inventory:

Hand Weapons
 a - a +1 shortbow (weapon)
 b - a +0 short sword
Missiles
 c - 35 arrows (quivered)
Jewellery
 h - a ring of poison resistance (left hand)
 k - an uncursed ring of positive energy
 p - a ring of resist corrosion (right hand)
Wands
 m - a wand of confusion (28/48)
Scrolls
 e - 2 scrolls of teleportation {unknown}
 f - 4 scrolls of identify {unknown}
 g - 2 scrolls of recharging {unknown}
 i - a scroll of fog {unknown}
 j - 2 scrolls of noise {unknown}
 l - a scroll of remove curse {unknown}
 q - a scroll of enchant weapon {unknown}
 s - 2 scrolls of blinking {unknown}
 v - a scroll of enchant armour {unknown}
Books
 t - a book of Air

   Spells                             Type                      Level
   a - Shock                          Conjuration/Air              1
   b - Swiftness                      Charms/Air                   2
   c - Repel Missiles                 Charms/Air                   2
   d - Static Discharge               Conjuration/Air              3
   e - Lightning Bolt                 Conjuration/Air              5
Comestibles
 d - 3 bread rations
 n - a slice of pizza


   Skills:
 + Level 3.1 Fighting
 * Level 5.0 Bows
 + Level 2.5 Dodging
 - Level 0.8 Stealth


You had 3 spell levels left.
You didn't know any spells.

Dungeon Overview and Level Annotations

Branches:
Dungeon (3/15)

Altars:
Xom

Annotations:
D:3 1 runed door, Sigmund


Innate Abilities, Weirdness & Mutations

Your plain brown scales are hard (AC +5).
Your body does not fit into most forms of armour.
You are cold-blooded and may be slowed by cold attacks.


Message History

Press: ? - help, Shift-Dir - straight line You shoot an arrow.
The arrow hits the human skeleton.
The human skeleton hits you but does no damage.
Something hits you!
* * * LOW HITPOINT WARNING * * *
Unknown command.
You are confused.
All of the chunks of flesh in your inventory have rotted away.
You're too confused to move!
You clumsily bash the human skeleton but do no damage.
The human skeleton hits you.
* * * LOW HITPOINT WARNING * * *
Something hits you but does no damage.
You bump into the rock wall.
You bump into the rock wall.
The human skeleton barely misses you. Something hits you but does no damage.
You closely miss the human skeleton.
You feel less confused. The human skeleton hits you.
You die...

###.# #.###.#.# .###.# #.#
#[......# .+p#.## #.# #####.###
.###..# #.# #.# ......# #.# #.#
......# ####[# #.### ......# #
##.##.# #...## ##.......
####...#.#########...####........
'...............@Z{....((........
####...#.#########...####........
# #.......# #..## ##.......
#.###.#.# #.## #.....# #.###.#.#
#.# #...## #.#...#.# #.# #+##
####.#.###.# #.# .....#.# #.# #.#
####.#.###.#


You could see a human skeleton.

Vanquished Creatures
  4 adders
  3 gnolls (D:3)
  A worm (D:2)
  An orc (D:3)
  3 giant cockroaches (D:1)
  11 goblins
  3 hobgoblins
  2 jackals (D:2)
  2 quokkas
  7 bats
  5 giant newts
  9 kobolds
  6 rats
57 creatures vanquished.

Notes
Turn   | Place    | Note
--------------------------------------------------------------
     0 | D:1      | namelastname112 the Draconian Hunter began the quest for the Orb.
     0 | D:1      | Reached XP level 1. HP: 17/17 MP: 1/1
   273 | D:1      | Reached XP level 2. HP: 19/25 MP: 2/2
   504 | D:1      | Reached skill level 4 in Bows
   922 | D:2      | Reached XP level 3. HP: 24/30 MP: 3/3
   991 | D:2      | Found a shimmering altar of Xom.
  2000 | D:2      | Reached XP level 4. HP: 35/37 MP: 4/4
  2997 | D:3      | Noticed a human
  2998 | D:3      | Found a runed door.
  2998 | D:3      | Noticed Sigmund
  3014 | D:3      | Reached skill level 5 in Bows
  3027 | D:3      | Slain by a human skeleton

Vault maps used:
D:1:      roderic_crossed_star
D:2:      xom_butterflies, nicolae_overflow_hidden_temple
D:3:      dk_yredelemnul_ordeal, uniq_sigmund

Action                   |  1- 3 |  4- 6 || total
-------------------------+-------+-------++-------
Melee: Short sword       |   194 |    42 ||   236
       Shortbow          |       |     2 ||     2
 Fire: Shortbow          |     6 |    19 ||    25
  Use: Potion            |       |     3 ||     3
 Stab: Distracted        |     1 |       ||     1
       Sleeping          |       |     1 ||     1
  Eat: Chunk             |     3 |     2 ||     5
       Pizza             |       |     1 ||     1
